 Dungeon Crawl Stone Soup version 0.28-a0-1227-ga9037bb4c8 (webtiles) character file.

Game seed: 10957979469639310380

350 ChaosChampion the Ruffian (level 6, -1/57 HPs)
             Began as a Draconian Warper on Dec 22, 2021.
             Succumbed to a scorpion's poison
             ... in an ossuary.
             The game lasted 00:06:16 (4254 turns).

ChaosChampion the Ruffian (Draconian Warper)        Turns: 4254, Time: 00:06:16

Health: -1/57      AC:  6    Str: 14    XL:     6   Next: 34%
Magic:  1/9        EV: 12    Int: 15    God:
Gold:   79         SH:  0    Dex: 10    Spells: 7/9 levels left

rFire   . . .      SeeInvis .     - Unarmed
rCold   . . .      Faith    .   (no shield)
rNeg    . . .      Spirit   +   (armour unavailable)
rPois   .          Reflect  .   (helmet restricted)
rElec   .          Harm     .   (no cloak)
rCorr   .          Rampage  .   (no gloves)
Will    +....                   (no boots)
Stlth   +.........              o - amulet of guardian spirit
HPRegen 0.19/turn               t - ring of willpower
MPRegen 0.11/turn               (no ring)

@: mighty, brilliant, lethally poisoned (-1 -> -7)
A: AC +6, unfitting armour, cold-blooded, antennae 1, deterioration 1, robust 1
a: no special abilities


You were in an ossuary.
You visited 1 branch of the dungeon, and saw 4 of its levels.
You also visited: Ossuary.

You collected 169 gold pieces.
You spent 90 gold pieces at shops.

Inventory:

Jewellery
 j - an amulet of magic regeneration
 k - a ring of fire
 o - an amulet of guardian spirit (around neck)
 t - a ring of willpower (left hand)
Scrolls
 e - a scroll of identify {unknown}
Potions
 g - a potion of mutation
 i - a potion of ambrosia {unknown}
 m - a potion of heal wounds {unknown}
 r - a potion of brilliance
 u - 3 potions of invisibility {unknown}


   Skills:
 + Level 4.1 Fighting
 - Level 0.8 Throwing
 - Level 2.1 Dodging
 * Level 5.0 Unarmed Combat
 - Level 2.0 Spellcasting
 + Level 4.3 Translocations


You had 7 spell levels left.
You knew the following spells:

 Your Spells              Type           Power      Damage    Failure   Level
z - Blink                 Tloc           42%        N/A       5%          2

Your spell library contained the following spells:

 Spells                   Type           Power      Damage    Failure   Level
 Gell's Gravitas          Tloc           21%        N/A       11%         3
 Lesser Beckoning         Tloc           21%        N/A       11%         3
 Teleport Other           Tloc           21%        N/A       11%         3
 Ensorcelled Hibernation  Hex/Ice        4%         N/A       32%         2
 Sublimation of Blood     Necr           2%         N/A       32%         2
 Spider Form              Tmut/Pois      2%         N/A       54%         3
 Manifold Assault         Tloc           21%        N/A       71%         5
 Petrify                  Tmut/Erth      2%         N/A       91%         4
 Irradiate                Conj/Tmut      1%         3d14      99%         5


Dungeon Overview and Level Annotations

Branches:
Dungeon (4/15)            Ossuary (1/1)
 Temple: D:4-7

Altars:
Vehumet

Shops:
D:2 (*


Innate Abilities, Weirdness & Mutations

Your plain brown scales are hard. (AC +6)
You cannot fit into any form of body armour.
You are cold-blooded and may be slowed by cold attacks.
You have a pair of small antennae on your head.
Your body sometimes deteriorates upon taking damage.
You are robust. (+10% HP)


Message History

The scorpion stings you.
You are poisoned.
The scorpion poisons you!
There is an open door here.
You feel very sick. The scorpion closely misses you.
You feel sick. The scorpion stings you.
You are lethally poisoned!
The scorpion poisons you! The scorpion closely misses you.
* * * LOW HITPOINT WARNING * * *
You feel very sick.
As you read the scroll labelled OCWITE NOFIGIF, it crumbles to dust.
It is a scroll of enchant weapon.
You aren't carrying any weapons that can be enchanted.
* * * LOW HITPOINT WARNING * * *
You feel very sick.
The scorpion stings you but does no damage.
The scorpion barely misses you.
It was a potion of mutation.
You feel extremely strange.
You feel robust.
You feel yourself wasting away. A pair of antennae grows on your head!
* * * LOW HITPOINT WARNING * * *
You feel sick. The scorpion stings you.
* * * LOW HITPOINT WARNING * * *
The scorpion barely misses you.
It was a potion of cancellation.
You feel magically purged.
* * * LOW HITPOINT WARNING * * *
You feel very sick.
The scorpion stings you but does no damage.
The scorpion stings you.
It was a potion of might.
You feel very mighty all of a sudden.
* * * LOW HITPOINT WARNING * * *
You feel sick. The scorpion stings you.
* * * LOW HITPOINT WARNING * * *
The scorpion closely misses you. The scorpion barely misses you.
Unknown command.
It was a potion of brilliance.
You feel clever all of a sudden.
You die...

#...#...#...#.....#..
#.∩.'.∩.#...'.....#..
#...#...#...#.....8..
######'###'##........
#...#...#...#........
#...8...#...###8.....
#.......#...#........
##8...8######........
#..s@...#...#.....8..
#..s8...#...sZ.Zs.#..
#...#...#...#.....#..
##'#######'##########
#...#...#...#...#...#
#...'..s8...#...'...Z
#...#.......#...#...#
######8...8###'######
#!!.#.......#...#(..#


You could see 2 scorpions.

Vanquished Creatures
  A scorpion (Ossuary)
  A centaur zombie (D:3)
  2 human zombies (Ossuary)
  3 scorpion zombies (Ossuary)
  A mummy (Ossuary)
  5 adders
  2 orcs
  6 ball pythons
  2 endoplasms (D:2)
  6 giant cockroaches
  A gnoll zombie (Ossuary)
  5 goblins
  4 hobgoblins
  3 jackals (D:2)
  2 quokkas (D:3)
  6 bats
  5 goblin zombies
  A hobgoblin zombie (Ossuary)
  4 kobolds
  3 kobold zombies (Ossuary)
  3 rats
  A rat zombie (D:4)
67 creatures vanquished.

Vanquished Creatures (collateral kills)
  A ball python (D:4)
1 creature vanquished.

Grand Total: 68 creatures vanquished

Notes
Turn   | Place    | Note
-------+----------+-------------------------------------------
     0 | D:1      | ChaosChampion the Draconian Warper began the quest for the
                  | Orb.
     0 | D:1      | Reached XP level 1. HP: 17/17 MP: 3/3
   255 | D:1      | Reached XP level 2. HP: 25/25 MP: 5/5
   374 | D:1      | Found a faded altar of an unknown god.
   987 | D:2      | Reached XP level 3. HP: 15/30 MP: 6/6
  1256 | D:2      | You fall into a shaft and drop 1 floor!
  1373 | D:2      | Learned a level 2 spell: Blink
  1438 | D:2      | Found Lueblyuh's Weapon Boutique.
  1525 | D:2      | Found Ynnaun's Assorted Antiques.
  1539 | D:2      | Bought a scroll labelled ETOIGU GITYKH for 24 gold pieces
  1539 | D:2      | Bought a bubbling yellow potion for 21 gold pieces
  1539 | D:2      | Bought a scroll labelled LAQAIR YTELLUN for 24 gold pieces
  1539 | D:2      | Bought a sedimented blue potion for 21 gold pieces
  1578 | D:2      | Reached skill level 3 in Unarmed Combat
  1750 | D:2      | Found a radiant altar of Vehumet.
  2226 | D:3      | Reached XP level 4. HP: 29/38 MP: 7/7
  3287 | D:3      | HP: 1/38 [adder (2)]
  3295 | D:3      | HP: 1/38 [adder (3)]
  3397 | D:4      | Found a sand-covered staircase.
  3432 | Ossuary  | Entered an ossuary
  3692 | Ossuary  | Reached skill level 4 in Unarmed Combat
  3692 | Ossuary  | Reached XP level 5. HP: 27/45 MP: 6/8
  3895 | Ossuary  | Reached XP level 6. HP: 46/52 MP: 9/9
  4033 | Ossuary  | Reached skill level 5 in Unarmed Combat
  4251 | Ossuary  | Gained mutation: You are robust. (+10% HP) [potion of
                  | mutation]
  4251 | Ossuary  | Gained mutation: Your body sometimes deteriorates upon
                  | taking damage. [potion of mutation]
  4251 | Ossuary  | Gained mutation: You have a pair of small antennae on your
                  | head. [potion of mutation]
  4253 | Ossuary  | HP: 1/57 [scorpion (2)]
  4254 | Ossuary  | Succumbed to a scorpion's poison

Illustrated notes

Levels and vault maps discovered:
D:1:      wander_arrival_lonely_grave, layout_basic,
          dilly_ecumenical_altar_fadedgnrine, due_unseen_surprise
D:2:      layout_loops_ring, serial_shops, nicolae_lakefront_shop, shop,
          serial_forest, infiniplex_forest_clump_curved,
          infiniplex_forest_corner_1, infiniplex_forest_lined_room_2,
          infiniplex_forest_diagonal, infiniplex_forest_straight_4,
          infiniplex_forest_end_2, infiniplex_forest_clump_cross,
          infiniplex_forest_clump_tiny, basic_altar
D:3:      layout_loops_ring
D:4:      layout_basic, enter_ossuary_4, portal_sewer_entry_e, uniq_edmund
Ossuary:  ossuary_minmay_scorpions

Skill      XL: |  1  2  3  4  5  6 |
---------------+-------------------+-----
Unarmed Combat | 3 4 5 |  5.0
Fighting       | 3 4 |  4.1
Translocations | 4 |  4.3
Throwing       | |  0.8
Dodging        | |  2.1
Spellcasting   | |  2.0

Action                   |  1- 3 |  4- 6 || total
-------------------------+-------+-------++-------
Melee: Unarmed           |   124 |   242 ||   366
       Tailslap          |    13 |    30 ||    43
       Punch             |     1 |     5 ||     6
Throw: Dart              |     2 |     9 ||    11
       Boomerang         |       |     5 ||     5
 Cast: Blink             |     1 |     6 ||     7
  Use: Scroll            |       |    10 ||    10
       Potion            |       |     6 ||     6
Armor: Skin              |    45 |    69 ||   114
Dodge: Dodged            |    94 |   131 ||   225

Table legend: (Time is in decaauts)
 A = Elapsed time spent in this place.
 B = Non-inter-level travel time spent in this place.
 C = Inter-level travel time spent in this place.
 D = Time resting spent in this place.
 E = Time spent auto-exploring this place.
 F = Levels seen in this place.
 G = Mean time per level.
                   A        B        C        D        E       F      G
               +--------+--------+--------+--------+--------+-----+--------+
         Total |   4238 |   4127 |    111 |    447 |   2786 |   5 |  847.6 |
       Dungeon |   3428 |   3317 |    111 |     88 |   2649 |   4 |  857.0 |
       Ossuary |    809 |    809 |      0 |    359 |    137 |   1 |  809.0 |
               +--------+--------+--------+--------+--------+-----+--------+

Top non-repeatable levels by time:
     D:3: 1432 daAuts
     D:2: 1282 daAuts
 Ossuary: 809 daAuts
     D:1: 575 daAuts
     D:4: 138 daAuts
